 Dungeon Crawl Stone Soup version 0.29-a0-344-ge2f44be95a (webtiles) character file.

Game seed: 9656245975949048145

85 Jortsu the Grave Robber (level 4, -1/22 (24) HPs)
             Began as a Deep Elf Necromancer on Apr 21, 2022.
             Slain by a wight
             ... wielding a +3 great sword
              (6 damage)
             ... on level 3 of the Dungeon.
             The game lasted 00:08:48 (2846 turns).

Jortsu the Grave Robber (Deep Elf Necromancer)      Turns: 2846, Time: 00:08:48

HP:   -1/22 (24)    AC:  3    Str:  5    XL:     4   Next: 25%
MP:   4/12          EV: 12    Int: 22    God:
Gold: 97            SH:  0    Dex: 15    Spells: 3/11 levels left

rFire   . . .      SeeInvis .   e - +0 short sword
rCold   . . .      Faith    .   (no shield)
rNeg    . . .      Spirit   .   a - +1 robe
rPois   .          Reflect  .   (no helmet)
rElec   .          Harm     .   (no cloak)
rCorr   .          Rampage  .   (no gloves)
Will    .....                   (no boots)
Stlth   ++........              (no amulet)
HPRegen 0.07/turn               (no ring)
MPRegen 0.13/turn               (no ring)

@: very slightly contaminated, drained
A: no striking features
a: no special abilities


You were on level 3 of the Dungeon.
You visited 1 branch of the dungeon, and saw 3 of its levels.

You collected 97 gold pieces.

Inventory:

Hand Weapons
 d - a +0 dagger
 e - a +0 short sword (weapon)
Armour
 a - a +1 robe (worn)
Wands
 i - a wand of digging (8)
Scrolls
 j - 3 scrolls of enchant armour
 l - a scroll of magic mapping {unknown}
Potions
 b - a potion of magic
 c - a potion of attraction
 f - a potion of haste
 g - a potion of invisibility {unknown}
 h - 3 potions of curing {unknown}
 k - 2 potions of cancellation {unknown}


   Skills:
 + Level 2.6 Dodging
 + Level 2.6 Stealth
 + Level 4.4 Spellcasting
 + Level 6.0 Necromancy


You had 3 spell levels left.
You knew the following spells:

 Your Spells              Type           Power      Damage    Failure   Level
a - Pain                  Necr           100%       1d9       1%          1
b - Animate Skeleton      Necr           62%        N/A       1%          1
c - Magic Dart            Conj           16%        1d3       11%         1
d - Searing Ray           Conj           8%         2d4       16%         2
e - Vampiric Draining     Necr           31%        2d8       2%          3

Your spell library contained the following spells:

 Spells                   Type           Power      Damage    Failure   Level
 Apportation              Tloc           8%         N/A       11%         1
 Summon Small Mammal      Summ           16%        N/A       11%         1
 Animate Dead             Necr           15%        N/A       9%          4
 Agony                    Necr           31%        N/A       24%         5
 Excruciating Wounds      Necr           15%        N/A       24%         5
 Fulminant Prism          Conj/Hex       2%         3d6       71%         4


Dungeon Overview and Level Annotations

Branches:
Dungeon (3/15)

Altars:


Message History

Aiming: Searing Ray (safe; 16% risk of failure)
Press: ? - help, Shift-Dir - straight line, f - wight
Aim: a wight, wielding a +3 great sword and wearing a +0 robe (74% to hit)
The searing ray hits the wight.
The wight is lightly damaged. (Press . to maintain the ray.)
Casting: Searing Ray (safe; 16% risk of failure)
Confirm with . or Enter, or press ? or * to list all spells.
Restarting spell: Searing Ray (safe; 16% risk of failure)
Press: ? - help, Shift-Dir - straight line, f/p - wight
Aim: a wight, wielding a +3 great sword and wearing a +0 robe (lightly damaged, 74% to hit)
The searing ray hits the wight.
The wight is moderately damaged. (Press . to maintain the ray.)
Casting: Searing Ray (safe; 16% risk of failure)
Confirm with . or Enter, or press ? or * to list all spells.
Restarting spell: Searing Ray (safe; 16% risk of failure)
Press: ? - help, Shift-Dir - straight line, f/p - wight
Aim: a wight, wielding a +3 great sword and wearing a +0 robe (moderately damaged, 74% to hit)
The searing ray hits the wight but does no damage.
The wight is moderately damaged.
The searing ray hits the wight.
The wight is moderately damaged. (Press . to maintain the ray.)
Casting: Searing Ray (safe; 16% risk of failure)
Confirm with . or Enter, or press ? or * to list all spells.
Restarting spell: Searing Ray (safe; 16% risk of failure)
Press: ? - help, Shift-Dir - straight line, f - wight, p - wight
Aim: a wight, wielding a +2 dagger and wearing a +0 robe (moderately damaged, 74% to hit)
You miscast Searing Ray.
You are very lightly contaminated with residual magic.
Nothing appears to happen.
The wight hits you with a +3 great sword!
Ouch! That really hurt!
You feel drained.
* * * LOW HITPOINT WARNING * * *
A wight comes into view. It is wielding a +5 spear.
There is a stone staircase leading up here.
The wight hits you with a +3 great sword.
You die...

##.....###.#............
#......+...#............
#......##..#............
#..............#........
#.#.####.......#........
#.#.#.##...............#
###.#'#)..........<###....
#......)...z....z†..##....
#####........@z...z.....##....
#...............##+#..........
#.###..............#.#......##
##.###.....†..#######.##.......
#...................#.##.##....
##########....#####.#.##.##.#.)
#..>...............z..
##.....................
#........#####.#........


You could see 4 wights.

Vanquished Creatures
  2 adders
  2 worms (D:2)
  A dart slug (D:1)
  6 ball pythons
  5 bats
  3 endoplasms
  5 giant cockroaches
  3 hobgoblins
  9 jackals
  2 quokkas (D:2)
  3 frilled lizards
  3 goblins
  6 kobolds
  4 rats
54 creatures vanquished.

Notes
Turn   | Place    | Note
-------+----------+-------------------------------------------
     0 | D:1      | Jortsu the Deep Elf Necromancer began the quest for the
                  | Orb.
     0 | D:1      | Reached XP level 1. HP: 10/10 MP: 6/6
    55 | D:1      | Reached skill level 5 in Necromancy
   336 | D:1      | Learned a level 1 spell: Animate Skeleton
   342 | D:1      | Reached XP level 2. HP: 10/15 MP: 4/8
   529 | D:1      | Found a faded altar of an unknown god.
   949 | D:1      | Learned a level 1 spell: Magic Dart
  1037 | D:1      | Reached XP level 3. HP: 17/19 MP: 7/10
  1549 | D:2      | Learned a level 2 spell: Searing Ray
  1553 | D:2      | Learned a level 3 spell: Vampiric Draining
  2276 | D:2      | Reached XP level 4. HP: 23/24 MP: 10/12
  2699 | D:3      | Reached skill level 6 in Necromancy
  2846 | D:3      | Slain by a wight

Illustrated notes

Levels and vault maps discovered:
D:1:      mrwooster_arrival_statue_2, layout_loops_ring,
          nicolae_ecumenical_snake_handling, minmay_pentomino_r2
D:2:      layout_loops_ring, hangedman_decor_opposing,
          hangedman_abyss_or_decor_stabs, st_stairs_13, minmay_misc_feat_rugged
D:3:      layout_basic

Skill      XL: |  1  2  3  4 |
---------------+-------------+-----
Necromancy     | 5 6 |  6.0
Spellcasting   | 4 |  4.4
Dodging        | |  2.6
Stealth        | |  2.6

Action                   |  1- 3 |  4- 6 || total
-------------------------+-------+-------++-------
Melee: Short sword       |     3 |       ||     3
 Cast: Pain              |    68 |    13 ||    81
       Animate Skeleton  |     2 |       ||     2
       Magic Dart        |     8 |       ||     8
       Searing Ray       |     2 |     3 ||     5
  Use: Scroll            |     1 |     4 ||     5
Armor: Robe              |     2 |     1 ||     3
Dodge: Dodged            |     9 |     2 ||    11

Table legend: (Time is in decaauts)
 A = Elapsed time spent in this place.
 B = Non-inter-level travel time spent in this place.
 C = Inter-level travel time spent in this place.
 D = Time resting spent in this place.
 E = Time spent auto-exploring this place.
 F = Levels seen in this place.
 G = Mean time per level.
                   A        B        C        D        E       F      G
               +--------+--------+--------+--------+--------+-----+--------+
         Total |   2844 |   2815 |     29 |    891 |   1444 |   3 |  948.0 |
       Dungeon |   2844 |   2815 |     29 |    891 |   1444 |   3 |  948.0 |
               +--------+--------+--------+--------+--------+-----+--------+

Top non-repeatable levels by time:
     D:1: 1430 daAuts
     D:2: 1212 daAuts
     D:3: 202 daAuts
